 Dungeon Crawl Stone Soup version 0.27.0-1-g7a089689b8 (webtiles) character file.

Game seed: 5512857137080962135

162 rjrrt the Chopper (level 5, -8/45 HPs)
             Began as a Minotaur Monk on Aug 12, 2021.
             Was a Believer of Makhleb.
             Mangled by an ogre (26 damage)
             ... on level 3 of the Dungeon.
             The game lasted 00:03:27 (2009 turns).

rjrrt the Chopper (Minotaur Monk)                   Turns: 2009, Time: 00:03:28

Health: -8/45      AC:  8    Str: 16    XL:     5   Next: 19%
Magic:  4/4        EV: 11    Int:  7    God:    Makhleb [**....]
Gold:   132        SH:  5    Dex: 13    Spells: 4/4 levels left

rFire    . . .     SeeInvis +   a - +0 hand axe
rCold    . . .     Faith    .   (no shield)
rNeg     . . .     Spirit   .   e - +0 ring mail
rPois    .         Reflect  +   (helmet restricted)
rElec    .         Harm     .   (no cloak)
rCorr    .         Rampage  .   (no gloves)
Will     .....                  l - +2 pair of boots
Stlth    +.........             p - amulet of reflection
HPRegen  0.15/turn              n - ring of see invisible
MPRegen  0.09/turn              (no ring)

@: no status effects
A: horns 2, retaliatory headbutt
a: Renounce Religion, Minor Destruction


You were on level 3 of the Dungeon.
You worshipped Makhleb.
Makhleb was pleased with you.
You visited 1 branch of the dungeon, and saw 3 of its levels.

You collected 132 gold pieces.

Inventory:

Hand Weapons
 a - a +0 hand axe (weapon)
Missiles
 q - 5 atropa-tipped darts (quivered)
Armour
 e - a +0 ring mail (worn)
 l - a +2 pair of boots (worn)
Jewellery
 n - a ring of see invisible (left hand)
 p - an amulet of reflection (around neck)
Scrolls
 b - a scroll of magic mapping {unknown}
 c - a scroll of summoning {unknown}
 d - a scroll of enchant weapon {unknown}
 f - a scroll of immolation {unknown}
 h - a scroll of holy word {unknown}
 j - a scroll of identify {unknown}
 o - a scroll of amnesia {unknown}
Potions
 g - 2 potions of might {unknown}
 i - 3 potions of brilliance {unknown}
 k - 2 potions of curing {unknown}
 m - a potion of magic {unknown}


   Skills:
 - Level 3.6 Fighting
 * Level 7.1 Axes
 - Level 3.2 Dodging
 - Level 1.5 Stealth
 + Level 0.3 Invocations


You had 4 spell levels left.
You didn't know any spells.
Your spell library was empty.

Dungeon Overview and Level Annotations

Branches:
Dungeon (3/15)

Altars:
Makhleb
Wu Jian

Shops:
D:3 *


Innate Abilities, Weirdness & Mutations

You have a pair of horns on your head.
You reflexively headbutt those who attack you in melee.


Message History

You see here a +0 whip.
Found a scale mail.
Found an escape hatch in the floor.
You see here 8 atropa-tipped darts.
q - 8 atropa-tipped darts You now have 128 gold pieces (gained 11).
Found Byimifov's General Store.
You now have 132 gold pieces (gained 4).
There is an entrance to Byimifov's General Store here.
Unknown command.
An ogre comes into view. It is wielding a +0 giant club.
The ogre shouts!
Throw: 8 darts (atropa)
Press: ? - help, Q - select action, (/) - cycle Shift-Dir - straight line, f - ogre
Aim: an ogre, wielding a +0 giant club (73% to hit, chance to blind on hit: 27%)
You throw an atropa-tipped dart. The atropa-tipped dart hits the ogre.
The ogre resists.
Throw: 7 darts (atropa)
Press: ? - help, Q - select action, (/) - cycle Shift-Dir - straight line, f/p - ogre
Aim: an ogre, wielding a +0 giant club (73% to hit, chance to blind on hit: 27%)
You throw an atropa-tipped dart.
The atropa-tipped dart barely misses the ogre.
Throw: 6 darts (atropa)
Press: ? - help, Q - select action, (/) - cycle Shift-Dir - straight line, f/p - ogre
Aim: an ogre, wielding a +0 giant club (73% to hit, chance to blind on hit: 41%)
You throw an atropa-tipped dart. The atropa-tipped dart hits the ogre.
The ogre resists.
You hit the ogre.
The ogre is moderately wounded.
The ogre hits you but does no damage.
Unknown command.
You hit the ogre.
The ogre is moderately wounded.
The ogre hits you with a +0 giant club!!
Ouch! That really hurt!
You are too injured to fight recklessly!
You are too injured to fight recklessly!
The ogre hits you with a +0 giant club!!
Ouch! That really hurt!
You die...

######......≈≈≈P.P#
.......P..P≈≈≈≈P..#
######.≈≈.≈≈≈≈≈≈♣.#
#>..≈≈≈≈≈≈≈≈≈.#
###+.[♣≈≈≈≈≈≈≈≈P#######
#....P.≈≈≈≈≈≈≈(.......#
#.....P.≈≈≈≈≈≈.P......#
#......P.≈≈≈≈.........#
#.........≈≈..@..∩....#
#.#............O......#
#.#.....#...#.........#
#.#######.#...........#
#.........###..(......#
############....#######
#.(..# #....# .....#


You could see an ogre.

Vanquished Creatures
  A scorpion (D:3)
  An orc wizard (D:3)
  An adder (D:3)
  4 dart slugs
  3 orcs (D:3)
  3 bats
  6 endoplasms
  7 giant cockroaches
  4 goblins
  5 hobgoblins
  4 kobolds
  4 quokkas
  5 ball pythons
  2 frilled lizards (D:1)
  5 rats
55 creatures vanquished.

Vanquished Creatures (others)
  5 plants (D:3)
  5 toadstools (D:1)
10 creatures vanquished.

Grand Total: 65 creatures vanquished

Notes
Turn   | Place    | Note
-------+----------+-------------------------------------------
     0 | D:1      | rjrrt the Minotaur Monk began the quest for the Orb.
     0 | D:1      | Reached XP level 1. HP: 19/19 MP: 0/0
    72 | D:1      | Reached skill level 4 in Axes
   136 | D:1      | Reached XP level 2. HP: 16/26 MP: 1/1
   436 | D:1      | Found a faded altar of an unknown god.
   504 | D:1      | Reached skill level 5 in Axes
   645 | D:1      | Reached XP level 3. HP: 30/31 MP: 2/2
  1442 | D:3      | Noticed a scorpion
  1452 | D:3      | Killed a scorpion
  1453 | D:3      | Reached skill level 6 in Axes
  1453 | D:3      | Reached XP level 4. HP: 25/39 MP: 3/3
  1657 | D:3      | Found a burning altar of Makhleb.
  1672 | D:3      | Reached skill level 7 in Axes
  1672 | D:3      | Reached XP level 5. HP: 34/45 MP: 4/4
  1717 | D:3      | Became a worshipper of Makhleb the Destroyer
  1717 | D:3      | Reached * piety under Makhleb
  1717 | D:3      | Reached ** piety under Makhleb
  1791 | D:3      | Found an ornate altar of the Wu Jian Council.
  1991 | D:3      | Found Byimifov's General Store.
  2000 | D:3      | Noticed an ogre
  2009 | D:3      | Mangled by an ogre

Illustrated notes

Levels and vault maps discovered:
D:1:      ldierk_walled_garden, layout_basic, basic_ecumenical_altar
D:2:      layout_basic
D:3:      minmay_diamond_boxcup, layout_basic, lemuel_tele_altar,
          mainiacjoe_overflow_alcove_1, serial_shops, shop,
          guppyfry_early_lair_pool

Skill      XL: |  1  2  3  4 |
---------------+-------------+-----
Axes           | 4 5 6 7 |  7.1
Fighting       | |  3.6
Dodging        | |  3.2
Stealth        | |  1.5
Invocations    | |  0.3

Action                   |  1- 3 |  4- 6 || total
-------------------------+-------+-------++-------
Melee: Hand axe          |   101 |    29 ||   130
       Headbutt          |    16 |     4 ||    20
Throw: Dart              |       |     3 ||     3
 Stab: Sleeping          |     2 |       ||     2
Armor: Leather armour    |     9 |       ||     9
       Ring mail         |    24 |    10 ||    34
Dodge: Dodged            |    47 |    10 ||    57
Block: Other             |       |     1 ||     1
